 Dungeon Crawl Stone Soup version 0.26-a0-667-g92642533e4 (webtiles) character file.

Game seed: 13588200905543315020

54 marklar909 the Skirmisher (level 4, 0/37 HPs)
             Began as a Formicid Abyssal Knight on Oct 17, 2020.
             Was a Believer of Lugonu.
             Slain by a gnoll
             ... wielding a +0 club
              (3 damage)
             ... on level 2 of the Dungeon.
             The game lasted 00:02:36 (2095 turns).

marklar909 the Skirmisher (Formicid Abyssal Knight) Turns: 2095, Time: 00:02:37

Health: 0/37       AC:  3    Str: 17    XL:     4   Next: 12%
Magic:  5/5        EV: 11    Int: 11    God:    Lugonu [**....]
Gold:   84         SH:  0    Dex: 11    Spells: 3/3 levels left

rFire    . . .     SeeInvis +   a - +1 mace
rCold    . . .     Faith    .   (no shield)
rNeg     . . .     Spirit   .   b - +0 leather armour
rPois    .         Reflect  .   (helmet unavailable)
rElec    .         Harm     .   (no cloak)
rCorr    .         Rampage  .   (no gloves)
MR       .....                  (no boots)
Stlth    +.........             (no amulet)
HPRegen  0.12/turn              (no ring)
MPRegen  0.09/turn              (no ring)

@: no status effects
A: permanent stasis, dig shafts and tunnels, four strong arms, antennae 3
a: Dig, Shaft Self, Depart the Abyss, Bend Space, Renounce Religion


You were on level 2 of the Dungeon.
You worshipped Lugonu.
Lugonu was pleased with you.
You visited 1 branch of the dungeon, and saw 3 of its levels.
You visited the Abyss 1 time.

You collected 84 gold pieces.

Inventory:

Hand Weapons
 a - a +1 mace (weapon)
Missiles
 f - 6 curare-tipped darts (quivered)
Armour
 b - a +0 leather armour (worn)
 d - a +0 ring mail
Jewellery
 j - an uncursed amulet of reflection {unknown}
Scrolls
 c - 3 scrolls of remove curse {unknown}
 e - a scroll of noise {unknown}
 i - 2 scrolls of identify {unknown}
Potions
 g - a potion of brilliance {unknown}
 h - a potion of stabbing {unknown}


   Skills:
 + Level 4.2 Fighting
 + Level 2.8 Maces & Flails
 + Level 2.3 Armour
 + Level 1.1 Dodging
 + Level 2.3 Invocations


You had 3 spell levels left.
You didn't know any spells.
Your spell library was empty.

Dungeon Overview and Level Annotations

Branches:
Dungeon (3/15)

Altars:


Innate Abilities, Weirdness & Mutations

You cannot be hasted, slowed, berserked, paralysed or teleported.
You can dig through walls and to a lower floor.
Your four strong arms can wield two-handed weapons with a shield.
You have a pair of large antennae on your head. (SInv)


Message History

You extend your mandibles.
You dig through the rock wall.
You dig through the rock wall.
Unknown command.
You retract your mandibles.
You hit the gnoll.
The gnoll is moderately wounded.
The gnoll hits you with a +0 club.
* * * LOW HITPOINT WARNING * * *
You hit the gnoll.
The gnoll is heavily wounded.
The gnoll hits you with a +0 club.
* * * LOW HITPOINT WARNING * * *
You hit the gnoll.
The gnoll is heavily wounded.
The gnoll barely misses you.
Unknown command.
You hit the gnoll.
The gnoll is severely wounded.
The gnoll hits you with a +0 club.
You die...

### ##@# #......#
#g#####..#.#.####
##{h..h.{.h.....
#>.....{#h#..#
######.....$## #
............# #
...........# #
#..# #### ###
##.# ....


You could see a gnoll.

Vanquished Creatures
  A dart slug (D:1)
  2 leopard geckos (D:1)
  6 bats
  2 giant cockroaches (D:1)
  7 goblins (D:1)
  6 hobgoblins
  8 jackals (D:1)
  4 frilled lizards (D:1)
  3 kobolds (D:1)
  5 rats
44 creatures vanquished.

Notes
Turn   | Place    | Note
-------+----------+-------------------------------------------
     0 | Abyss:1  | marklar909 the Formicid Abyssal Knight began the quest for
                  | the Orb.
     0 | Abyss:1  | Reached XP level 1. HP: 18/18 MP: 2/2
    28 | Abyss:1  | Noticed a wretched star
    81 | Abyss:1  | Noticed an orange demon
    87 | D:1      | Escaped the Abyss
   338 | D:1      | Reached XP level 2. HP: 2/24 MP: 3/3
   671 | D:1      | Reached * piety under Lugonu
   875 | D:1      | Reached skill level 4 in Fighting
   877 | D:1      | Reached XP level 3. HP: 23/30 MP: 4/4
  1146 | D:1      | Reached skill level 1 in Dodging
  1472 | D:1      | Reached XP level 4. HP: 37/37 MP: 5/5
  1482 | D:1      | Reached ** piety under Lugonu
  1886 | D:2      | Found a faded altar of an unknown god.
  2071 | D:2      | You fall into a shaft and drop 1 floor!
  2095 | D:2      | Slain by a gnoll

Illustrated notes

Levels and vault maps discovered:
D:1:      minmay_arrival_semitransparent, layout_rooms, minmay_cupped
D:2:      layout_loops_ring, chequers_ecumenical_altar_simple_redux,
          serial_co_window_serial, co_window_of_opportunity_a,
          co_window_paths_b, co_window_paths_b, co_window_of_opportunity_a,
          co_window_corner_a, co_window_corner_a, co_window_paths_a,
          co_window_2corner, co_window_2corner, co_window_2corner,
          co_window_paths_e, glass_columns_b, glass_columns_a
D:3:      layout_basic, marbit_many_paths, yredelemnul_altar_generic,
          kennysheep_another_room, supply_closet_lemuel, serial_park_tiny_pond,
          uniq_terence, uniq_sigmund, uniq_grinder, uniq_jessica

Skill      XL: |  1  2  3 |
---------------+----------+-----
Fighting       | 4 |  4.2
Dodging        | 1 |  1.1
Maces & Flails | |  2.8
Armour         | |  2.3
Invocations    | |  2.3

Action                   |  1- 3 |  4- 6 || total
-------------------------+-------+-------++-------
Melee: Mace              |    97 |    26 ||   123
Invok: Depart the Abyss  |     1 |       ||     1
 Abil: Dig               |       |     1 ||     1
Armor: Leather armour    |    47 |     4 ||    51
Dodge: Dodged            |   100 |    19 ||   119

Table legend: (Time is in decaauts)
 A = Elapsed time spent in this place.
 B = Non-inter-level travel time spent in this place.
 C = Inter-level travel time spent in this place.
 D = Time resting spent in this place.
 E = Time spent auto-exploring this place.
 F = Levels seen in this place.
 G = Mean time per level.
                   A        B        C        D        E       F      G
               +--------+--------+--------+--------+--------+-----+--------+
         Total |   2130 |   2088 |     42 |    723 |    987 |   4 |  532.5 |
       Dungeon |   2042 |   2000 |     42 |    723 |    960 |   3 |  680.7 |
         Abyss |     87 |     87 |      0 |      0 |     27 |   1 |   87.0 |
               +--------+--------+--------+--------+--------+-----+--------+

Top non-repeatable levels by time:
     D:1: 1607 daAuts
     D:2: 417 daAuts
 Abyss:1: 87 daAuts
     D:3: 17 daAuts
